Warning! The script has encountered some errors when parsing the replay. Please report them to the . » details
0x2D, prev: 0x00: [2D] FF FF E3 0B 54
0xFF, prev: 0x2D: 2D FF [FF] E3 0B 54
0x0B, prev: 0xFF: 2D FF FF E3 [0B] 54
0x23, prev: 0x00: [23]
0x26, prev: 0x00: [26]
General information
- name: Local Game
- type: Custom game
- host: b0lt
- saver: b0lt
map: TurtleRock
- players: 1
- length: 06:16
- speed: Fast
- version: 1.21 W3XP
- replay type: Public
» download(62 KB)
Players
team 1 (winner)
b0lt (
red | 56 APM | 353 actions | 06:16)
4 Archmage
2 Blizzard
2 Brilliance Aura
» actions
| Assign group hotkey | 3 | |
| Basic commands | 1 | |
| Build / train | 25 | |
| ESC pressed | 6 | |
| Enter build submenu | 9 | |
| Enter hero's abilities submenu | 5 | |
| Remove unit from queue | 1 | |
| Right click | 189 | |
| Select / deselect | 62 | |
| Select group hotkey | 15 | |
| Use ability | 37 | |
353 total
» units
» buildings
| Altar of Kings | 1 | |
| Keep | 1 | |
| Farm | 6 | |
| Barracks | 1 | |
| Arcane Vault | 1 | |
10 total
» build order
00:10 Altar of Kings
00:11 Keep
00:12 Farm
00:13 Farm
00:21 Barracks
00:25 Arcane Vault
00:42 Farm
00:44 Farm
00:45 Farm
00:47 Farm
» items
Chat log
(00:04 / All) b0lt: greed is good 999999999999999